 Dungeon Crawl Stone Soup version 0.31-a0-369-g8eba5f6939 (webtiles) character file.

Game seed: 9379374788949473936

350 spiderkeys the Changeling (level 6, -3/42 HPs)
             Began as an Octopode Shapeshifter on July 28, 2023.
             Slain by Edmund
             ... wielding a +2 dire flail of protection
              (14 damage)
             ... on level 4 of the Dungeon.
             The game lasted 00:05:42 (3235 turns).

spiderkeys the Changeling (Octopode Shapeshifter)   Turns: 3235, Time: 00:05:42

Health: -3/42      AC:  1    Str: 15    XL:     6   Next: 61%
Magic:  6/6        EV: 14    Int: 12    God:
Gold:   878        SH:  0    Dex: 15    Spells: 5/5 levels left

rFire   . . .        i - +9 spear of the Turnip {drain, Dex+3}
rCold   + . .        (no shield)
rNeg    . . .        (helmet currently unavailable)
rPois   .            (no amulet)
rElec   .            C - ring of protection from cold
rCorr   .            (no ring)
SInv    .            (no ring)
Will    .....        (no ring)
Stlth   ++           (no ring)
HPRegen 0.27/turn    (no ring)
MPRegen 0.10/turn    (no ring)
                     (no ring)

%: no passive effects
@: beast-form
A: beast (slay +2), almost no armour, amphibious, 8 rings, camouflage 1,
gelatinous body 1, (nimble swimmer 1), tentacles
a: Begin Untransformation


You were on level 4 of the Dungeon.
You were a hulking beast.
You visited 1 branch of the dungeon, and saw 5 of its levels.

You collected 1214 gold pieces.
You spent 336 gold pieces at shops.


Innate Abilities, Weirdness & Mutations

You are a hulking beast.
Your limbs bulge with bestial killing power. (Slay +2)
You cannot wear most types of armour.
You are amphibious.
You can wear up to eight rings at the same time.
Your skin changes colour to match your surroundings (Stealth+).
Your rubbery body absorbs attacks. (AC +1, EV +1)
((You are camouflaged when in or above water. (Stealth+)))
You have tentacles for arms and can constrict up to eight enemies at once.


   Skills:
 + Level 3.0 Fighting
 * Level 2.8 Polearms
 + Level 3.5 Dodging
 - Level 3.7 Unarmed Combat
 + Level 3.9 Shapeshifting


You had 5 spell levels left.
You didn't know any spells.
Your spell library contained the following spells:

 Spells                   Type           Power      Damage    Failure   Level
 Ensorcelled Hibernation  Hex/Ice        0%         N/A       45%         2
 Passwall                 Tmut/Erth      0%         N/A       45%         2
 Sublimation of Blood     Necr           0%         N/A       45%         2
 Wereblood                Tmut           0%         N/A       45%         2
 Swiftness                Air            0%         N/A       69%         3
 Summon Hydra             Summ           0%         N/A       100%        7

Inventory:

Hand Weapons
 i - the +9 spear of the Turnip (weapon) {drain, Dex+3}
   (You bought it in a shop on level 1 of the Dungeon)

   Dex:       It affects your dexterity (+3).
Missiles
 e - 58 stones
 h - 2 poisoned darts
Magical Staves
 k - a staff of cold {!a}
   (You found it on level 2 of the Dungeon)
 w - a staff of cold {!a}
   (You found it on level 3 of the Dungeon)
Jewellery
 C - a ring of protection from cold (left tentacle)
   (You found it on level 2 of the Dungeon)
Talismans
 b - a beast talisman
Wands
 p - a wand of roots (8)
   (You found it on level 3 of the Dungeon)
 y - a wand of quicksilver (6)
   (You found it on level 5 of the Dungeon)
Scrolls
 c - a scroll of poison {unknown}
 d - 3 scrolls of teleportation {@r4}
 g - 3 scrolls of blinking {unknown}
 j - 7 scrolls of identify {@r1}
 n - a scroll of revelation
 o - a scroll of immolation {!r!r}
 r - a scroll of brand weapon {unknown}
 s - a scroll of enchant armour {unknown}
 u - 3 scrolls of fog {unknown}
Potions
 a - a potion of lignification {!q}
 f - a potion of might {unknown}
 l - a potion of heal wounds {unknown}
 m - 2 potions of enlightenment {unknown}
 q - a potion of attraction {unknown}
 t - a potion of degeneration {unknown}
 v - 2 potions of curing {unknown}
 x - a potion of mutation {unknown}

Dungeon Overview and Level Annotations

Branches:
Dungeon (5/15) Zot: 26769
 Temple: D:4-7

Altars:

Shops:
D:1 *   D:2 (?

Annotations:
D:2 exclusion: Sigmund
D:4 Edmund

##.# #.# #.#
##.######.#####...
..................
#######.########..
#.# #.# #h# #g@.#
#.....# .........
...........
##....#....##
##... ...## +...
...+


You could see Edmund (very drained) and a goblin.


Message History

😎 HP[+1]
Your hp is fully restored (42).
An endoplasm is nearby!
An endoplasm is nearby!
An endoplasm is nearby!
An endoplasm is nearby!
A sourceless malevolence fills the Dungeon...
You fall into a shaft and drop 1 floor!
The shaft crumbles and collapses.
Found a leather armour, 2 scrolls of identify and a book of Burglary.
Found a stone staircase leading down.
No target in view!
No target in view!
No target in view!
j - 5 scrolls of identify {@r1} (gained 2)
You pick up a book of Burglary and begin reading...
Unfortunately, you learned nothing new.
You open the door.
There is an open door here.
Found a stone staircase leading up.
j - 6 scrolls of identify {@r1} (gained 1)
j - 7 scrolls of identify {@r1} (gained 1)
Found a stone staircase leading up.
There is a stone staircase leading up here.
You climb upwards.
There is a stone staircase leading down here.
You climb downwards.
There is a stone staircase leading up here.
Found a stone staircase leading up.
A gnoll comes into view. It is wielding a +0 whip.
You see here a wand of quicksilver (9).
You see here a wand of quicksilver (9).
y - a wand of quicksilver (9)
You closely miss the gnoll. You grab the gnoll. You tentacle-slap the gnoll.
You constrict the gnoll. The gnoll barely misses you.
You puncture the gnoll! You squeeze the gnoll.
You kill the gnoll!
Things that are here:
a +0 whip; a gnoll corpse
There is a stone staircase leading up here.
You climb upwards.
There is a stone staircase leading down here.
There is a stone staircase leading down here.
Edmund the Younger comes into view.
He is wielding a +2 dire flail of protection and wearing a +2 scale mail of cold resistance.
Edmund shouts!
A kobold comes into view. It is wielding a +0 short sword.
Aiming: Quicksilver Bolt
Press: ? - help, Shift-Dir - straight line, f - Edmund
Aim: Edmund, wielding a +2 dire flail of protection and wearing a +2 scale mail of cold resistance (75% to hit)
The bolt of dispelling energy hits Edmund but does no damage.
The kobold shouts!
A goblin comes into view. It is wielding a +2 dagger of venom.
Aiming: Quicksilver Bolt
Press: ? - help, Shift-Dir - straight line, f/p - Edmund
Aim: Edmund, wielding a +2 dire flail of protection and wearing a +2 scale mail of cold resistance (75% to hit)
The bolt of dispelling energy misses Edmund.
The goblin shouts!
Aiming: Quicksilver Bolt
Press: ? - help, Shift-Dir - straight line, f/p - Edmund
Aim: Edmund, wielding a +2 dire flail of protection and wearing a +2 scale mail of cold resistance (75% to hit)
The bolt of dispelling energy hits Edmund.
Aiming: Fastroot
Press: ? - help, Shift-Dir - straight line, f/p - Edmund
Aim: Edmund, wielding a +2 dire flail of protection and wearing a +2 scale mail of cold resistance (lightly wounded)
The roots erupt in riotous growth!
Roots grab Edmund.
The grasping roots constrict Edmund.
You hear an angry hiss. x2
The kobold barely misses you.
Edmund escapes!
Aiming: Fastroot
Press: ? - help, Shift-Dir - straight line, f/p - Edmund
Aim: Edmund, wielding a +2 dire flail of protection and wearing a +2 scale mail of cold resistance (moderately wounded)
The roots erupt in riotous growth!
Roots grab Edmund.
Roots grab the kobold.
The grasping roots constrict Edmund.
The grasping roots constrict the kobold.
You kill the kobold!
Edmund escapes!
You barely miss Edmund. You grab Edmund.
You constrict Edmund, but do no damage.
Edmund hits you with a +2 dire flail of protection! 😮 HP[-17]
You take 17 damage, and now have 25/42 hp.
MASSIVE DAMAGE!! (PAUSE)
You hit Edmund but do no damage. You squeeze Edmund. You constrict Edmund.
Edmund barely misses you.
You hit Edmund but do no damage. You drain Edmund. You constrict Edmund.
The goblin barely misses you. Edmund barely misses you. 😮 HP[+1]
You hit Edmund but do no damage. You constrict Edmund.
The goblin hits you with a +2 dagger of venom.
Edmund hits you with a +2 dire flail of protection!
* * * LOW HITPOINT WARNING * * *
😨 HP[-15]
You take 15 damage, and now have 11/42 hp.
MASSIVE DAMAGE!! (PAUSE)
You hit Edmund. You drain Edmund. You squeeze Edmund, but do no damage.
You constrict Edmund, but do no damage. The goblin barely misses you.
Edmund hits you with a +2 dire flail of protection!
You die...

Skill      XL: |  1  2  3  4  5  6 |
---------------+-------------------+-----
Fighting       | 2 3 |  3.0
Polearms       | 2 |  2.8
Dodging        | 3 |  3.5
Unarmed Combat | |  3.7
Shapeshifting  | |  3.9

Action                     |  1- 3 |  4- 6 || total
---------------------------+-------+-------++-------
  Melee: Unarmed           |    81 |    19 ||   100
         Constrict         |    26 |    15 ||    41
         Tentacles         |    13 |    10 ||    23
         Punch             |     3 |     1 ||     4
         Spear             |       |    39 ||    39
  Evoke: Wand              |       |     5 ||     5
    Use: Scroll            |       |     5 ||     5
   Stab: Sleeping          |     6 |    10 ||    16
 Armour: Skin              |     6 |     2 ||     8
  Dodge: Dodged            |    40 |    20 ||    60

Levels and vault maps discovered:
D:1:      amcnicky_arrival_double_pillar, layout_basic, serial_shops,
          nicolae_shop_rolling_square, shapermc_ecumenical_altar_venn,
          minmay_gold_behind_fungi, hangedman_decor_points
D:2:      minmay_chambers_of_ones, layout_basic, serial_shops,
          nicolae_shop_tiny_real_fake_doors, shop, feat_on_display, uniq_sigmund
D:3:      layout_basic
D:4:      layout_loops_ring, kennysheep_pointless_box, minmay_pentangle,
          uniq_edmund
D:5:      minmay_octagon_keep, layout_basic, kennysheep_little_box,
          lemuel_zombie_altar_kikubaaqudgha, mainiacjoe_overflow_chevrons,
          mainiacjoe_overflow_alcove_4

Notes
Turn   | Place    | Note
-------+----------+-------------------------------------------
     0 | D:1      | spiderkeys the Octopode Shapeshifter began the quest for
                  | the Orb.
     0 | D:1      | Reached XP level 1. HP: 13/13 MP: 1/1
     0 | D:1      | magus.rc [v1.11.6]
   107 | D:1      | Found a faded altar of an unknown god.
   111 | D:1      | Reached XP level 2. HP: 18/18 MP: 2/2
   231 | D:1      | HP: 4/18 [jackal (1)]
   320 | D:1      | You add the spells Passwall, Ensorcelled Hibernation and
                  | Swiftness to your library.
   344 | D:1      | Found Ile Miw's Assorted Antiques.
   611 | D:1      | Reached XP level 3. HP: 23/23 MP: 3/3
   886 | D:2      | Found Ummuuph's Magic Scroll Shop.
  1039 | D:2      | Noticed Sigmund
  1192 | D:2      | Reached skill level 2 in Fighting
  1192 | D:2      | Reached XP level 4. HP: 28/29 MP: 4/4
  1340 | D:2      | Found Qyloof's Antique Weapon Emporium.
  1939 | D:1      | Bought a scroll labelled DEELUXK MELI for 28 gold pieces
  1939 | D:1      | Bought a scroll labelled FULOFAYLON for 28 gold pieces
  1939 | D:1      | Bought a scroll labelled OTHIFU XISKU for 28 gold pieces
  1939 | D:1      | Bought a scroll labelled OTHIFU XISKU for 28 gold pieces
  1942 | D:1      | Identified a scroll of acquirement
  1943 | D:1      | Acquired 993 gold pieces
  1969 | D:1      | Bought an ancient spear for 224 gold pieces
  1969 | D:1      | Identified the +9 spear of the Turnip {drain, Dex+3} (You
                  | bought it in a shop on level 1 of the Dungeon)
  2088 | D:2      | Killed Sigmund
  2089 | D:2      | Reached skill level 2 in Polearms
  2089 | D:2      | Reached skill level 3 in Dodging
  2089 | D:2      | Reached XP level 5. HP: 26/36 MP: 5/5
  2089 | D:2      | Reached XP level 6. HP: 29/41 MP: 6/6
  2664 | D:3      | You add the spells Sublimation of Blood, Wereblood and
                  | Summon Hydra to your library.
  2971 | D:4      | Reached skill level 3 in Fighting
  2972 | D:4      | HP: 2/42 [gnoll/+0 halberd (15)]
  3140 | D:4      | You fall into a shaft and drop 1 floor!
  3140 | D:5      | Entered Level 5 of the Dungeon
  3225 | D:4      | Noticed Edmund
  3235 | D:4      | Slain by Edmund

Vanquished Creatures
  Sigmund (D:2)
  6 adders
  5 gnolls
  A worm (D:3)
  A dart slug (D:1)
  An orc (D:3)
  4 ball pythons
  4 endoplasms
  2 giant cockroaches (D:1)
  4 goblins
  10 hobgoblins
  10 jackals
  7 kobolds
  3 quokkas
  3 bats
  5 frilled lizards
  6 rats
73 creatures vanquished.

Table legend:
 A = Non-vault XP
 B = Vault XP
 C = Vault XP percentage of total XP
 D = Non-vault monster count
 E = Vault monster count
 F = Vault count percentage of total count
                 A         B        C        D         E       F
            +---------+---------+-------+---------+---------+-------
      Total |     242 |     259 |  51.7 |      67 |       6 |   8.2
            +---------+---------+-------+---------+---------+-------
        D:1 |      51 |       0 |   0.0 |      28 |       0 |   0.0
        D:2 |      65 |     259 |  79.9 |      18 |       6 |  25.0
        D:3 |      40 |       0 |   0.0 |      14 |       0 |   0.0
        D:4 |      71 |       0 |   0.0 |       6 |       0 |   0.0
        D:5 |      15 |       0 |   0.0 |       1 |       0 |   0.0
            +---------+---------+-------+---------+---------+-------

Skill      XL: |  1  2  3  4  5  6 |
---------------+-------------------+-----
Fighting       | 2 3 |  3.0
Polearms       | 2 |  2.8
Dodging        | 3 |  3.5
Unarmed Combat | |  3.7
Shapeshifting  | |  3.9

Action                     |  1- 3 |  4- 6 || total
---------------------------+-------+-------++-------
  Melee: Unarmed           |    81 |    19 ||   100
         Constrict         |    26 |    15 ||    41
         Tentacles         |    13 |    10 ||    23
         Punch             |     3 |     1 ||     4
         Spear             |       |    39 ||    39
  Evoke: Wand              |       |     5 ||     5
    Use: Scroll            |       |     5 ||     5
   Stab: Sleeping          |     6 |    10 ||    16
 Armour: Skin              |     6 |     2 ||     8
  Dodge: Dodged            |    40 |    20 ||    60

Illustrated notes

Table legend:
 A = Kills in this place as a percentage of kills in the entire game.
 B = Kills by you in this place as a percentage of kills by you in the entire game.
 C = Kills by friends in this place as a percentage of kills by friends in the entire game.
 D = Other kills in this place as a percentage of other kills in the entire game.
 E = Experience gained in this place as a percentage of experience gained in the entire game.
 F = Experience gained in this place divided by the number of levels of this place that you have seen.
                   A       B       C       D       E      F
               +-------+-------+-------+-------+-------+----------------------
         Total | 100.0 | 100.0 |   N/A |   N/A | 100.0 | 100.2
       Dungeon | 100.0 | 100.0 |   N/A |   N/A | 100.0 | 100.2
               +-------+-------+-------+-------+-------+----------------------

Table legend: (Time is in decaauts)
 A = Elapsed time spent in this place.
 B = Non-inter-level travel time spent in this place.
 C = Inter-level travel time spent in this place.
 D = Time resting spent in this place.
 E = Time spent auto-exploring this place.
 F = Levels seen in this place.
 G = Mean time per level.
                   A        B        C        D        E       F      G
               +--------+--------+--------+--------+--------+-----+--------+
         Total |   3230 |   3020 |    210 |    129 |   2405 |   5 |  646.0 |
       Dungeon |   3230 |   3020 |    210 |    129 |   2405 |   5 |  646.0 |
               +--------+--------+--------+--------+--------+-----+--------+

Top non-repeatable levels by time:
     D:2: 1228 daAuts
     D:1: 946 daAuts
     D:3: 871 daAuts
     D:4: 117 daAuts
     D:5: 67 daAuts
